 Dungeon Crawl Stone Soup version 0.26-a0-576-gcfaa98f (webtiles) character file.

Game seed: 12504258362539050661

105676 Hazorath the Spry (level 16, 0/108 HPs)
             Began as a Kobold Brigand on Aug 22, 2020.
             Was the Champion of Okawaru.
             Hit by a silver javelin thrown by a merfolk javelineer (5 damage)
             ... on level 4 of the Shoals on Aug 23, 2020.
             The game lasted 02:05:35 (22411 turns).

Hazorath the Spry (Kobold Brigand)                 Turns: 22411, Time: 02:05:36

Health: 0/108      AC: 17    Str:  7    XL:     16   Next: 96%
Magic:  14/20      EV: 38    Int: 14    God:    Okawaru [******]
Gold:   1348       SH: 17    Dex: 28    Spells: 15/15 levels left

rFire    + + .     SeeInvis .   t - +5 rapier (venom)
rCold    . . .     Faith    .   P - +2 buckler {rF+}
rNeg     + . .     Spirit   .   A - +3 troll leather armour
rPois    .         Reflect  +   b - +0 hat "Zyemyit" {rN+ Slay+3}
rElec    .         Harm     .   c - +1 cloak
rCorr    +                      f - +2 pair of gloves "Jafutopp" {+Blink rCorr Dex+5}
MR       ++...                  (no boots)
Stlth    +++.......             N - amulet of reflection
HPRegen  0.68/turn              i - +4 ring of protection
MPRegen  0.17/turn              K - ring of protection from magic

@: about to teleport, heroism, finesse, mesmerised, very slightly contaminated,
hasted, invisible, quick
A: small, agile 1, fire resistance 1, low mp 1, nightstalker 3, weak 1,
evolution 1
a: Heroism, Finesse, Renounce Religion, Evoke Blink


You were on level 4 of the Shoals.
You worshipped Okawaru.
Okawaru was exalted by your worship.
You visited 5 branches of the dungeon, and saw 26 of its levels.
You also visited: Bailey and Volcano.

You collected 2528 gold pieces.
You spent 1180 gold pieces at shops.

Inventory:

Hand Weapons
 e - the +11 scimitar of Sikhur {holy, rN+ Dex+6 Stlth-}
   (You took it off a deep elf mage on level 2 of the Orcish Mines)

   It has been blessed by the Shining One to cause great damage to the undead
   and demons.
   It affects your dexterity (+6).
   It protects you from negative energy.
   It makes you less stealthy.
 t - a +5 rapier of venom (weapon)
 z - the +8 long sword of Accord {flame, Dex+3}
   (You bought it in a shop on level 2 of the Orcish Mines)

   It has been specially enchanted to burn those struck by it, causing extra
   injury to most foes and up to half again as much damage against particularly
   susceptible opponents.
   Big, fiery blades are also staple armaments of hydra-hunters.
   It affects your dexterity (+3).
Missiles
 l - 2 throwing nets
 o - 39 poisoned darts
 E - 12 atropa-tipped darts
 X - 11 curare-tipped darts (quivered)
Armour
 b - the +0 hat "Zyemyit" (worn) {rN+ Slay+3}
   (Okawaru gifted it to you on level 13 of the Dungeon)

   It affects your accuracy and damage with ranged weapons and melee attacks
   (+3).
   It protects you from negative energy.
 c - a +1 cloak (worn)
 f - the +2 pair of gloves "Jafutopp" (worn) {+Blink rCorr Dex+5}
   (Okawaru gifted it to you on level 15 of the Dungeon)

   It affects your dexterity (+5).
   It lets you blink.
   It provides partial protection from all sources of acid and corrosion.
 m - a +2 robe of cold resistance
 A - a +3 troll leather armour (worn)
 P - a +2 buckler of fire resistance (worn)
 W - a +0 leather armour of magic resistance
Jewellery
 g - an uncursed ring of fire
 i - a +4 ring of protection (left hand)
 B - an uncursed ring of protection from fire
 J - an uncursed ring of ice
 K - a ring of protection from magic (right hand)
 N - an amulet of reflection (around neck)
Wands
 h - a wand of flame (16)
 k - a wand of random effects (38)
 p - a wand of digging (5)
 C - a wand of polymorph (19)
 Z - a wand of paralysis (16)
Scrolls
 d - a scroll of torment {unknown}
 q - 2 scrolls of blinking
 s - 8 scrolls of teleportation
 u - 4 scrolls of immolation
 x - a scroll of vulnerability {unknown}
 I - a scroll of summoning {unknown}
 L - 3 scrolls of remove curse
 Q - 2 scrolls of magic mapping
Potions
 a - 2 potions of invisibility
 j - 3 potions of magic
 n - 6 potions of curing
 r - a potion of heal wounds
 v - a potion of lignification
 w - 4 potions of flight
 F - 2 potions of haste
 G - 2 potions of mutation
 H - a potion of berserk rage
 M - a potion of cancellation
 O - 2 potions of resistance
 R - 2 potions of stabbing {unknown}
 S - 2 potions of might {unknown}
 U - 2 potions of degeneration {unknown}
 Y - 2 potions of ambrosia {unknown}


   Skills:
 * Level 15.3(20.3) Fighting
 * Level 17.7(22.7) Short Blades
 - Level 4.4(9.4) Throwing
 + Level 19.0(24.0) Dodging
 - Level 5.3(10.3) Stealth
 - Level 5.8(10.8) Shields
 - Level 8.3 Invocations
 - Level 10.0 Evocations


You had 15 spell levels left.
You didn't know any spells.
Your spell library contained the following spells:

 Spells                   Type           Power        Failure   Level
 Animate Skeleton         Necr           #.....       38%         1
 Magic Dart               Conj           #...         38%         1
 Pain                     Necr           #...         38%         1
 Shock                    Conj/Air       #...         38%         1
 Summon Small Mammal      Summ           #...         38%         1
 Blink                    Tloc           N/A          52%         2
 Call Imp                 Summ           #.......     52%         2
 Corpse Rot               Necr/Air       N/A          52%         2
 Ensorcelled Hibernation  Hex/Ice        #.....       52%         2
 Slow                     Hex            #.......     52%         2
 Sublimation of Blood     Necr           #.........   52%         2
 Swiftness                Air            #.......     52%         2
 Call Canine Familiar     Summ           #.......     77%         3
 Conjure Flame            Conj/Fire      #.......     77%         3
 Mephitic Cloud           Conj/Pois/Air  #.......     77%         3
 Static Discharge         Conj/Air       #.......     77%         3
 Summon Guardian Golem    Hex/Summ       #.......     77%         3
 Vampiric Draining        Necr           #.........   77%         3
 Airstrike                Air            #.........   99%         4
 Animate Dead             Necr           #.........   99%         4
 Dispel Undead            Necr           #.......     99%         4
 Summon Ice Beast         Ice/Summ       #.......     99%         4
 Summon Lightning Spire   Summ/Air       #.......     99%         4
 Agony                    Necr           #.......     100%        5
 Bolt of Magma            Conj/Fire/Erth #.........   100%        5
 Borgnjor's Vile Clutch   Necr/Erth      #.........   100%        5
 Excruciating Wounds      Necr           #.........   100%        5
 Iskenderun's Battlesphe  Conj           #.......     100%        5
 Lightning Bolt           Conj/Air       #.........   100%        5
 Silence                  Hex/Air        #.........   100%        5
 Iron Shot                Conj/Erth      #.........   100%        6
 Shadow Creatures         Summ           N/A          100%        6
 Orb of Destruction       Conj           #.........   100%        7
 Spellforged Servitor     Conj/Summ      #.........   100%        7


Dungeon Overview and Level Annotations

Branches:
Dungeon (15/15)            Temple (1/1) D:5            Lair (4/6) D:10
 Shoals (4/4) Lair:4        Snake (0/4) Lair:4          Orc (2/2) D:12
    Elf (0/3) Orc:2        Vaults (0/5) D:13         Depths (0/5) D:15
 Bailey (visited)         Volcano (visited)

Altars:
Ashenzari
Cheibriados
Dithmenos
Elyvilon
Fedhas
Gozag
Kikubaaqudgha
Makhleb
Nemelex Xobeh
Okawaru
Qazlal
Ru
Sif Muna
Trog
Uskayaw
Vehumet
Wu Jian
Xom
The Shining One
Beogh

Shops:
D:4 (   D:5 [   D:7 ![   D:15 =   Orc:2 (!=(

Annotations:
D:7 1 transporter, tardwrangler69's ghost, novice MiFi
Lair:1 1 runed translucent door
Lair:3 exclusion: oklob plant
Orc:2 Saint Roka


Innate Abilities, Weirdness & Mutations

You are small and have problems with some larger weapons.
You are completely attuned to the shadows.
You are agile. (Dex +2)
Your flesh is heat resistant. (rF+)
Your magical capacity is low. (-10% MP)
You are weak. (Str -2)
You evolve.


Message History

You hear a splash.
The merfolk javelineer throws a silver javelin.
The silver javelin barely misses you.
You hear a splash.
The harpy completely misses you. You block the harpy's attack.
As you read the scroll of teleportation, it crumbles to dust.
You feel strangely unstable.
The harpy screeches!
The harpy claws you.
* * * LOW HITPOINT WARNING * * *
The harpy closely misses you.
The merfolk javelineer throws a silver javelin.
The silver javelin barely misses you.
You hear a splash.
The merfolk avatar chants its luring song.
The merfolk javelineer throws a silver javelin.
The silver javelin pierces through you!!
* * * LOW HITPOINT WARNING * * *
The silver sears you!
You die...

##≈≈≈≈≈≈≈...≈≈≈≈
#≈≈≈.........≈≈≈
#≈≈.............≈
≈≈..≈..≈....≈....
####...≈≈....†..≈..
≈(≈H#^≈(≈..........
≈≈≈#.#(.[......#..
#≈≈≈#H#...........
≈≈≈m@(#.......
##≈mmm#.....
#m#≈≈#.... .m≈≈≈≈#
.. ≈≈##


You could see a merfolk avatar (mesmerising), 4 merfolk javelineers, a merfolk
and a harpy.

Vanquished Creatures
  Rupert (D:12)
  An orc warlord (Orc:1)
  A stone giant (Volcano)
  2 merfolk impalers
  6 hydras
  Fannar (Lair:2)
  4 centaur warriors
  A merfolk avatar (Shoals:4)
  A merfolk aquamancer (Shoals:4)
  Erica (Lair:2)
  2 dancing weapons (D:13)
  4 two-headed ogres
  A vampire mage (D:15)
  The ghost of Xymuaropp the Conjurer, a novice DgAr (D:12)
  Urug (Lair:2)
  A deep elf knight (Orc:2)
  8 hell knights (D:15)
  A skeletal warrior (D:15)
  An unseen horror (D:14)
  6 sea snakes
  A lindwurm (Lair:4)
  A necromancer (D:15)
  Pikel (D:5)
  A wizard (D:15)
  10 harpies
  A stone giant zombie (D:15)
  6 deep elf magi
  A tengu skeleton (D:15)
  8 cyclopes
  11 orc sorcerers
  4 ugly things
  4 manticores
  A centaur zombie (D:15)
  4 merfolk sirens
  An elf zombie (D:15)
  3 cane toads
  Maggie (D:8)
  3 gargoyles
  A rime drake (Lair:4)
  A rime drake (shapeshifter) (D:15)
  A guardian mummy (D:15)
  A komodo dragon (Lair:1)
  An efreet (Volcano)
  A yaktaur skeleton (D:15)
  4 trolls
  10 merfolk
  A meliai (shapeshifter) (D:13)
  A wind drake (shapeshifter) (D:15)
  Prince Ribbit (D:8)
  A wind drake (Shoals:1)
  8 dream sheep (Shoals:4)
  10 slime creatures
  10 hippogriffs
  6 water elementals
  A shadow (D:14)
  2 wyverns
  Eustachio (D:5)
  A vampire (D:13)
  13 yaks
  A wraith (D:11)
  2 basilisks
  A fire elemental (Volcano)
  A human (D:12)
  8 wargs
  An acid dragon (D:13)
  3 nagas (Lair:4)
  2 soldier ants
  8 water moccasins
  3 porcupines
  5 hell hounds (D:15)
  2 black bears
  A gnoll sergeant (D:7)
  5 sky beasts
  28 orc warriors
  6 ice beasts
  A hornet zombie (D:15)
  4 phantoms
  2 necrophages (D:9)
  An eye of draining (D:13)
  3 centaurs
  9 ogres
  4 wolves (Lair:1)
  8 crocodiles
  3 big kobolds
  Blork the orc (D:5)
  14 bullfrogs
  An earth elemental (Volcano)
  A water moccasin zombie (D:7)
  8 scorpions
  6 killer bees (D:9)
  10 wights
  5 howler monkeys
  2 lava snakes (D:14)
  3 quasits
  15 hounds
  17 orc priests
  7 jellies
  37 orc wizards
  3 centaur skeletons
  2 iguanas
  Jessica (D:2)
  8 worker ants
  A hound zombie (D:5)
  Robin (D:4)
  13 gnolls
  10 adders
  2 shadow imps
  2 white imps
  An ufetubus (D:8)
  3 leopard geckos
  87 orcs
  4 giant cockroaches
  6 hobgoblins
  9 jackals
  11 kobolds
  3 quokkas
  2 frilled lizards
  19 goblins
  2 goblin zombies (D:4)
  A jackal skeleton (D:8)
  A quokka skeleton (D:5)
  A rat (D:1)
615 creatures vanquished.

Vanquished Creatures (collateral kills)
  A centaur zombie (D:7)
  A worker ant (D:8)
  3 gnolls (D:7)
5 creatures vanquished.

Vanquished Creatures (others)
  A snapping turtle (Shoals:4)
  A gnoll (D:7)
  2 orcs
  6 fungi
  34 plants
  16 toadstools (Lair:1)
  9 withered plants (D:15)
69 creatures vanquished.

Grand Total: 689 creatures vanquished

Notes
Turn   | Place    | Note
-------+----------+-------------------------------------------
     0 | D:1      | Hazorath the Kobold Brigand began the quest for the Orb.
     0 | D:1      | Reached XP level 1. HP: 12/12 MP: 1/1
    60 | D:2      | Noticed Jessica
    65 | D:2      | Killed Jessica
    65 | D:2      | Reached XP level 2. HP: 18/18 MP: 2/2
    65 | D:2      | Reached XP level 3. HP: 22/22 MP: 3/3
   257 | D:4      | Noticed an ogre
   266 | D:4      | Killed an ogre
   266 | D:4      | Reached skill level 2 in Dodging
   266 | D:4      | Reached XP level 4. HP: 28/28 MP: 4/4
   266 | D:4      | Reached XP level 5. HP: 32/32 MP: 5/5
   384 | D:4      | Found Tacurpho's Weapon Emporium.
   542 | D:4      | Noticed Robin
   545 | D:4      | Found a white marble altar of Elyvilon.
   625 | D:4      | Killed Robin
  1000 | D:4      | Reached XP level 6. HP: 30/38 MP: 6/6
  1149 | D:4      | Reached skill level 5 in Short Blades
  1248 | D:4      | Reached skill level 3 in Dodging
  1478 | D:4      | Reached XP level 7. HP: 44/44 MP: 7/7
  1662 | D:5      | Entered Level 5 of the Dungeon
  1663 | D:5      | Reached skill level 1 in Evocations
  1667 | D:5      | Noticed Blork the orc
  1688 | D:5      | Killed Blork the orc
  1821 | D:5      | Reached skill level 5 in Fighting
  1849 | D:5      | Reached skill level 4 in Dodging
  2114 | D:5      | Reached XP level 8. HP: 18/49 MP: 8/8
  2548 | D:5      | Found a staircase to the Ecumenical Temple.
  2551 | D:5      | Noticed Eustachio
  2560 | D:5      | Killed Eustachio
  2571 | Temple   | Entered the Ecumenical Temple
  2725 | Temple   | Became a worshipper of Warmaster Okawaru
  2810 | D:5      | Noticed Pikel
  2816 | D:5      | Killed Pikel
  2816 | D:5      | Reached * piety under Okawaru
  2816 | D:5      | Reached skill level 5 in Dodging
  2887 | D:5      | Found a burning altar of Makhleb.
  2889 | D:5      | Reached XP level 9. HP: 56/56 MP: 9/9
  2913 | D:5      | Reached skill level 6 in Dodging
  3034 | D:5      | Reached ** piety under Okawaru
  3237 | D:5      | Found Apionop's Antique Armour Shop.
  3378 | D:7      | Found a bloodstained altar of Trog.
  3415 | D:7      | Noticed a hippogriff
  3419 | D:7      | Killed a hippogriff
  3419 | D:7      | Reached skill level 1 in Invocations
  3466 | D:7      | Found Zuil's Distillery.
  3467 | D:7      | Found a transporter.
  3468 | D:7      | Identified the +4 dire flail "Metuodya" {vamp, rElec}
  3468 | D:7      | Identified the +10 dire flail of Blood-Lust {freeze, MR+
                  | Dex+2}
  3468 | D:7      | Noticed a two-headed ogre
  3767 | D:7      | Reached skill level 7 in Dodging
  4253 | D:7      | Found Qemedeon's Armour Shop.
  4350 | D:7      | Noticed tardwrangler69's ghost (novice MiFi)
  4628 | D:7      | Reached skill level 8 in Dodging
  4778 | D:8      | Reached XP level 10. HP: 26/64 MP: 11/11
  5075 | D:8      | Noticed Maggie
  5082 | D:8      | Killed Maggie
  5082 | D:8      | Reached skill level 9 in Dodging
  5105 | D:8      | Reached skill level 10 in Short Blades
  5118 | D:8      | Reached *** piety under Okawaru
  5147 | D:8      | Noticed Prince Ribbit
  5186 | D:8      | Killed Prince Ribbit
  6085 | D:8      | Noticed a two-headed ogre
  6169 | D:8      | Killed a two-headed ogre
  6169 | D:8      | Reached skill level 10 in Dodging
  6169 | D:8      | Reached skill level 5 in Evocations
  6496 | D:8      | Found a glowing golden altar of the Shining One.
  7004 | D:9      | Reached **** piety under Okawaru
  7186 | D:9      | Reached skill level 11 in Dodging
  7200 | D:9      | Reached XP level 11. HP: 71/71 MP: 12/12
  7432 | D:9      | Found a sparkling altar of Nemelex Xobeh.
  7578 | D:9      | Received a gift from Okawaru
  7622 | D:9      | Found an opulent altar of Gozag.
  7693 | D:9      | Found a shimmering blue altar of Sif Muna.
  7939 | D:10     | Entered Level 10 of the Dungeon
  7939 | D:10     | Found a staircase to the Lair.
  8005 | D:10     | Noticed a cyclops
  8008 | D:10     | Killed a cyclops
  8008 | D:10     | Reached skill level 10 in Fighting
  8008 | D:10     | Reached skill level 12 in Dodging
  8125 | D:10     | Found a flagged portal.
  8133 | Bailey   | Entered a bailey
  8179 | Bailey   | Found an iron altar of Okawaru.
  8179 | Bailey   | Noticed an orc sorcerer
  8179 | Bailey   | Noticed an orc sorcerer
  8181 | Bailey   | Noticed a soul eater
  8191 | Bailey   | Killed an orc sorcerer
  8191 | Bailey   | Reached ***** piety under Okawaru
  8201 | Bailey   | Killed an orc sorcerer
  8723 | Lair:1   | Entered Level 1 of the Lair of Beasts
  8808 | Lair:1   | Noticed a five-headed hydra
  8817 | Lair:1   | Killed a five-headed hydra
  8817 | Lair:1   | Reached skill level 13 in Dodging
  9016 | Lair:1   | Noticed a seven-headed hydra
  9020 | Lair:1   | Killed a seven-headed hydra
  9105 | Lair:1   | You fall into a shaft and drop 1 floor!
  9122 | Lair:2   | Received a gift from Okawaru
  9137 | Lair:2   | Reached XP level 12. HP: 71/79 MP: 14/14
  9202 | Lair:2   | Noticed a six-headed hydra
  9209 | Lair:2   | Killed a six-headed hydra
  9277 | Lair:2   | Noticed a five-headed hydra
  9281 | Lair:2   | Killed a five-headed hydra
  9281 | Lair:2   | Reached skill level 14 in Dodging
  9325 | Lair:2   | Noticed Urug
  9332 | Lair:2   | Killed Urug
  9339 | Lair:2   | Noticed Fannar
  9344 | Lair:2   | Killed Fannar
 10124 | Lair:1   | Noticed a catoblepas
 10125 | Lair:1   | Noticed a dire elephant
 10187 | Lair:1   | Found a runed translucent door.
 10781 | Lair:2   | Noticed Erica
 10786 | Lair:2   | Killed Erica
 10786 | Lair:2   | Received a gift from Okawaru
 10786 | Lair:2   | Reached skill level 15 in Dodging
 11202 | Lair:3   | Noticed a four-headed hydra
 11207 | Lair:3   | Killed a four-headed hydra
 11207 | Lair:3   | Reached skill level 16 in Dodging
 11770 | Lair:4   | Identified a scroll of acquirement
 11770 | Lair:4   | Acquired a +1 pair of gloves of dexterity
 11831 | Lair:4   | Found a dark tunnel.
 11843 | Lair:4   | Reached skill level 17 in Dodging
 11883 | Volcano  | Entered a volcano
 12005 | Volcano  | Reached XP level 13. HP: 39/84 MP: 16/16
 12253 | Volcano  | Noticed a stone giant
 12260 | Volcano  | Killed a stone giant
 12740 | Lair:4   | Reached ****** piety under Okawaru
 12802 | Lair:4   | Found a staircase to the Snake Pit.
 12807 | Lair:4   | Reached skill level 18 in Dodging
 13143 | Lair:4   | Noticed a five-headed hydra
 13153 | Lair:4   | Killed a five-headed hydra
 13267 | Lair:4   | Found a staircase to the Shoals.
 13724 | D:10     | Reached skill level 1 in Shields
 14669 | D:11     | Reached skill level 5 in Invocations
 15046 | D:11     | Acquired 780 gold pieces
 15380 | D:12     | Noticed Rupert
 15395 | D:12     | Paralysed by Rupert for 3 turns
 15438 | D:12     | Killed Rupert
 15438 | D:12     | Received a gift from Okawaru
 15442 | D:12     | Received a gift from Okawaru
 15541 | D:12     | Found a staircase to the Orcish Mines.
 15550 | Orc:1    | Entered Level 1 of the Orcish Mines
 15640 | Orc:1    | Noticed an orc warlord
 15652 | Orc:1    | Killed an orc warlord
 15794 | Orc:1    | Reached XP level 14. HP: 88/92 MP: 18/18
 15858 | Orc:1    | Paralysed by an orc sorcerer for 7 turns
 16027 | Orc:1    | Found a roughly hewn altar of Beogh.
 16139 | Orc:1    | Received a gift from Okawaru
 16384 | Orc:2    | Entered Level 2 of the Orcish Mines
 16459 | Orc:2    | Noticed Saint Roka
 16702 | Orc:2    | Paralysed by an orc sorcerer for 2 turns
 16704 | Orc:2    | Gained mutation: Your magical capacity is low. (-10% MP) [a
                  | neqoxec]
 16705 | Orc:2    | Gained mutation: Scrolls take you a little longer to read.
                  | [a neqoxec]
 16768 | Orc:2    | Found Yricoax's Jewellery Emporium.
 16800 | Orc:2    | Found Pioteb's Weapon Shop.
 16864 | Orc:2    | Found Guasm's Weapon Emporium.
 16910 | Orc:2    | Found Hestul's Distillery.
 16936 | Orc:2    | Bought a potion of heal wounds for 75 gold pieces
 16936 | Orc:2    | Bought 2 potions of haste for 300 gold pieces
 16936 | Orc:2    | Bought 2 potions of curing for 90 gold pieces
 16956 | Orc:2    | Found a roughly hewn altar of Beogh.
 17000 | Orc:2    | Bought the +8 long sword of Accord {flame, Dex+3} for 715
                  | gold pieces
 17088 | Orc:2    | Found a staircase to the Elven Halls.
 17172 | Orc:2    | Identified the +11 scimitar of Sikhur {holy, rN+ Dex+6
                  | Stlth-}
 17274 | Orc:2    | Noticed an orc warlord
 17654 | D:12     | Found a runed translucent door.
 17654 | D:12     | Noticed Xymuaropp's ghost (novice DgAr)
 17667 | D:12     | Killed Xymuaropp's ghost
 17667 | D:12     | Reached skill level 15 in Short Blades
 17676 | D:12     | Lost mutation: Scrolls take you a little longer to read.
                  | [potion of mutation]
 17676 | D:12     | Gained mutation: You are weak. (Str -2) [potion of
                  | mutation]
 17676 | D:12     | Gained mutation: You evolve. [potion of mutation]
 17676 | D:12     | Gained mutation: Your flesh is heat resistant. (rF+)
                  | [potion of mutation]
 18012 | D:13     | Received a gift from Okawaru
 18021 | D:13     | Got a slimy hat {god gift}
 18032 | D:13     | Identified the +0 hat "Zyemyit" {rN+ Slay+3} (Okawaru
                  | gifted it to you on level 13 of the Dungeon)
 18324 | D:13     | Reached skill level 5 in Shields
 18324 | D:13     | Reached XP level 15. HP: 99/99 MP: 17/17
 18591 | D:13     | Found a gate to the Vaults.
 19723 | D:15     | Entered Level 15 of the Dungeon
 19981 | D:15     | Reached XP level 16. HP: 106/106 MP: 19/19
 20040 | D:15     | Found a staircase to the Depths.
 20205 | D:15     | Received a gift from Okawaru
 20208 | D:15     | Got a pair of faintly glowing gloves {god gift}
 20219 | D:15     | Identified the +2 pair of gloves "Jafutopp" {+Blink rCorr
                  | Dex+5} (Okawaru gifted it to you on level 15 of the
                  | Dungeon)
 20242 | D:15     | Found Ficzah's Jewellery Shop.
 21332 | Shoals:1 | Entered Level 1 of the Shoals
 21496 | Shoals:1 | Gained mutation: You are agile. (Dex +2) [evolution]
 21695 | Shoals:2 | Noticed a kraken
 21806 | Shoals:4 | Entered Level 4 of the Shoals
 21905 | Shoals:4 | Received a gift from Okawaru
 21937 | Shoals:4 | Reached skill level 15 in Fighting
 21997 | Shoals:4 | Reached skill level 10 in Evocations
 22211 | Shoals:4 | Reached skill level 19 in Dodging
 22411 | Shoals:4 | HP: 5/108 [merfolk javelineer/silver javelin (22)]
 22411 | Shoals:4 | Hit by a silver javelin thrown by a merfolk javelineer

Illustrated notes

Levels and vault maps discovered:
D:1:      dpeg_arrival_tiny_g, layout_rooms, amethyst_killhole
D:2:      layout_loops_ring, gammafunk_temple_overflow_elements, minmay_3d_cube,
          uniq_jessica
D:3:      layout_rooms, tgw_fedhas, uniq_ijyb
D:4:      layout_loops_corners, lemuel_coloured_pillars_altar, enter_ossuary_4,
          serial_shops, shop, uniq_robin
D:5:      layout_loops_ring, minmay_temple_entry_sparse_star, serial_shops,
          shop, makhleb_heckhound_becter, uniq_eustachio, uniq_blork_the_orc,
          uniq_pikel
D:6:      layout_gridville, serial_park_tiny_2, corexii_shack,
          nicolae_zen_rock_garden, serial_bayou_ford_a
D:7:      layout_basic, lemuel_crystal_altar, serial_shops, kennysheep_mini,
          shop, shop_fountains, shop, shop, gammafunk_ghost_smash,
          minmay_misc_feat_nine_boxes, minmay_manual_macuahuitl
D:8:      layout_layer_cave, nicolae_tso_swordbearing_angel,
          uniq_prince_ribbit1, uniq_maggie
D:9:      minmay_s_stair_smasher, layout_loops_cross, lemuel_doored_altar,
          marbit_many_paths, lemuel_crystal_altar, grunt_gozag_breadcrumbs
D:10:     layout_loops_ring, lair_entry_dummy, enter_bailey_2,
          kennysheep_generic_room_16
D:11:     layout_loops_ring
D:12:     layout_roguey, erik_orc_4, hellmonk_ghost_happy_afterlife,
          hangedman_decor_push, uniq_rupert
D:13:     layout_roguey, erik_vaults_1
D:14:     layout_cave_pools, kennysheep_big_empty_room,
          corexii_leaking_fountain, minmay_fountain_box, drop_trap
D:15:     gammafunk_depths_entry_grave, layout_basic, serial_shops, shop,
          minmay_rotating_lava
Temple:   jpeg_temple_clearing
Lair:1:   gammafunk_lair_enchanted_lake, layout_chaotic_city, minivault_11,
          lemuel_fruit_fields
Lair:2:   layout_roguey, uniq_urug, uniq_fannar, uniq_erica
Lair:3:   layout_roguey, minivault_19, minmay_lair_oklob_items
Lair:4:   layout_cellular_growth, elwin_shoals_entry_stream,
          minmay_snake_entry_guardpost_small, nicolae_volcano_entry_vermiform
Shoals:1: layout_shoals
Shoals:2: layout_shoals, nicolae_shoals_kraken_intersection
Shoals:3: layout_shoals, uniq_ilsuiw
Shoals:4: shoals_end_hangedman, layout_shoals
Orc:1:    layout_diamond_mine, basic_altar
Orc:2:    st_orc_town, layout_caves, elf_legates, uniq_saint_roka

Skill      XL: |  1  2  3  4  5  6  7  8  9 10 11 12 13 14 15 16 |
---------------+-------------------------------------------------+-----
Short Blades   | 3 4 5 6 7 9 11 12 13 14 15 16 17 | 17.7
Fighting       | 3 4 5 6 7 9 10 11 12 13 14 15 | 15.3
Throwing       | 3 4 |  4.4
Dodging        | 2 3 4 5 8 11 13 17 18 19 | 19.0
Evocations     | 2 3 4 5 6 7 8 10 | 10.0
Invocations    | 2 3 4 5 6 7 8 |  8.3
Shields        | 3 5 |  5.8
Stealth        | |  5.3

Action                   |  1- 3 |  4- 6 |  7- 9 | 10-12 | 13-15 | 16-18 || total
-------------------------+-------+-------+-------+-------+-------+-------++-------
Melee: Dagger            |    46 |   117 |   264 |   114 |       |       ||   541
       Scimitar          |       |       |       |   396 |   567 |   285 ||  1248
       Rapier            |       |       |       |    88 |   339 |   244 ||   671
       Punch             |       |       |       |     1 |     4 |       ||     5
       Long sword        |       |       |       |       |   118 |       ||   118
Throw: Dart              |     1 |    29 |   102 |    43 |     5 |       ||   180
Invok: Heroism           |       |       |       |     3 |     8 |     5 ||    16
       Finesse           |       |       |       |       |     1 |     3 ||     4
Evoke: Wand              |       |       |     5 |    15 |    12 |       ||    32
  Use: Scroll            |       |     2 |     3 |    16 |    14 |     5 ||    40
       Potion            |       |       |       |     2 |     3 |     8 ||    13
 Stab: Sleeping          |     2 |     5 |    20 |    31 |    41 |    14 ||   113
       Distracted        |     1 |       |     1 |       |     3 |     4 ||     9
       Paralysed         |       |       |     2 |     8 |     4 |       ||    14
Armor: Robe              |    10 |    20 |    47 |    38 |    20 |       ||   135
       Troll leather arm |       |       |       |    47 |   102 |    38 ||   187
Dodge: Dodged            |    37 |    92 |   195 |   647 |   954 |   429 ||  2354
Block: Other             |       |       |       |    16 |   196 |       ||   212
       Reflection        |       |       |       |       |     9 |     5 ||    14
       Buckler           |       |       |       |       |    84 |   428 ||   512
       Rpst.: Scimitar   |       |       |       |   135 |   188 |    46 ||   369
       Long sword        |       |       |       |       |    28 |       ||    28

Table legend: (Time is in decaauts)
 A = Elapsed time spent in this place.
 B = Non-inter-level travel time spent in this place.
 C = Inter-level travel time spent in this place.
 D = Time resting spent in this place.
 E = Time spent auto-exploring this place.
 F = Levels seen in this place.
 G = Mean time per level.
                   A        B        C        D        E       F      G
               +--------+--------+--------+--------+--------+-----+--------+
         Total |  21905 |  20980 |    925 |   1369 |  13582 |  28 |  782.3 |
       Dungeon |  13667 |  13119 |    548 |    892 |   8950 |  15 |  911.1 |
        Temple |    174 |    116 |     58 |      0 |    115 |   1 |  174.0 |
          Lair |   4160 |   3905 |    255 |      0 |   3303 |   4 | 1040.0 |
        Shoals |   1034 |   1034 |      0 |    211 |      6 |   4 |  258.5 |
  Orcish Mines |   1731 |   1669 |     62 |    173 |    607 |   2 |  865.5 |
        Bailey |    484 |    484 |      0 |     93 |     69 |   1 |  484.0 |
       Volcano |    651 |    651 |      0 |      0 |    532 |   1 |  651.0 |
               +--------+--------+--------+--------+--------+-----+--------+

Top non-repeatable levels by time:
     D:8: 2112 daAuts
     D:4: 1428 daAuts
     D:5: 1413 daAuts
  Lair:1: 1413 daAuts
     D:7: 1339 daAuts
    D:15: 1319 daAuts
    D:11: 1122 daAuts
  Lair:4: 1058 daAuts
     D:9: 1021 daAuts
    D:13: 1018 daAuts
    D:12: 1002 daAuts
    D:10: 944 daAuts
  Lair:2: 895 daAuts
   Orc:1: 885 daAuts
   Orc:2: 846 daAuts
